 Dungeon Crawl Stone Soup version 0.22-a0-580-gd5db89c09a (webtiles) character file.

74 D1HalberdGnoll the Magician (level 4, 0/48 HPs)
             Began as a Gnoll Wizard on July 3, 2018.
             Slain by an orc
             ... wielding a +1 vampiric hand axe
              (4 damage)
             ... on level 2 of the Dungeon.
             The game lasted 00:02:28 (2038 turns).

D1HalberdGnoll the Magician (Gnoll Wizard)          Turns: 2038, Time: 00:02:29

Health: 0/48       AC:  2    Str: 15    XL:     4   Next: 30%
Magic:  1/13       EV: 14    Int: 21    God:
Gold:   112        SH:  0    Dex: 13    Spells: 4/17 levels left

rFire    . . .     SeeInvis .   c - +0 dagger
rCold    . . .     Gourm    .   (no shield)
rNeg     . . .     Faith    .   a - +0 robe
rPois    .         Spirit   .   b - +0 hat
rElec    .         Reflect  .   (no cloak)
rCorr    .         Harm     .   (no gloves)
MR       .....                  (no boots)
Stlth    ..........             (no amulet)
HPRegen  0.16/turn              (no ring)
MPRegen  0.13/turn              (no ring)

@: berserking, very quick
A: distributed training, fangs 1, strong nose
a: no special abilities


You were on level 2 of the Dungeon.
You were not hungry.

You visited 1 branch of the dungeon, and saw 3 of its levels.

You collected 112 gold pieces.

Inventory:

Hand Weapons
 c - a +0 dagger (weapon)
Armour
 a - a +0 robe (worn)
 b - a +0 hat (worn)
Jewellery
 e - a cursed ring of loudness {unknown}
Scrolls
 f - a scroll of remove curse {unknown}
 g - a scroll of teleportation {unknown}
 i - a scroll of enchant armour {unknown}
 k - a scroll of identify {unknown}
Potions
 h - a potion of berserk rage
 j - a potion of curing {unknown}
 l - a potion of haste {unknown}
Comestibles
 d - 4 rations


   Skills:
 + Level 1.0 Fighting
 + Level 1.0 Short Blades
 + Level 1.0 Long Blades
 + Level 1.0 Axes
 + Level 1.0 Maces & Flails
 + Level 1.0 Polearms
 + Level 1.0 Staves
 + Level 1.0 Slings
 + Level 1.0 Bows
 + Level 1.0 Crossbows
 + Level 1.0 Throwing
 + Level 1.0 Armour
 + Level 4.6 Dodging
 + Level 4.2 Stealth
 + Level 1.0 Shields
 + Level 1.0 Unarmed Combat
 + Level 7.2 Spellcasting
 + Level 2.2 Conjurations
 + Level 0.8 Hexes
 + Level 0.8 Charms
 + Level 2.2 Summonings
 + Level 0.8 Necromancy
 + Level 2.2 Translocations
 + Level 0.8 Transmutations
 + Level 0.8 Fire Magic
 + Level 0.8 Ice Magic
 + Level 0.8 Air Magic
 + Level 0.8 Earth Magic
 + Level 0.8 Poison Magic
 + Level 1.1 Invocations
 + Level 1.0 Evocations


You had 4 spell levels left.
You knew the following spells:

 Your Spells              Type           Power        Failure   Level  Hunger
a - Magic Dart            Conj           ###.         3%          1    None
b - Conjure Flame         Conj/Fire      ##......     14%         3    None
c - Slow                  Hex            ##......     10%         2    None
d - Mephitic Cloud        Conj/Pois/Air  ##......     16%         3    None
i - Call Imp              Summ           ###.....     5%          2    None
l - Blink                 Tloc           N/A          5%          2    None

Your spell library contained the following spells:

 Spells                   Type           Power        Failure   Level  Hunger


Dungeon Overview and Level Annotations

Branches:
Dungeon (3/15)

Altars:
Xom
Zin


Innate Abilities, Weirdness & Mutations

Your experience applies equally to all skills.
You have very sharp teeth.
Your uncanny sense of smell can sniff out nearby items.


Message History

* * * LOW HITPOINT WARNING * * *
The orc closely misses you. The orc barely misses you.
You climb upwards.
There is a stone staircase leading down here.
Okay, then.
Casting: Magic Dart (safe; 3% risk of failure)
Confirm with . or Enter, or press ? or * to list all spells.
You don't have enough magic to cast that spell.
It was a potion of berserk rage.
A red film seems to cover your vision as you go berserk!
You feel yourself moving faster!
You feel mighty!
The orc hits you with a vampiric hand axe.
* * * LOW HITPOINT WARNING * * *
The orc hits you with a flail!
* * * LOW HITPOINT WARNING * * *
The orc barely misses you.
You barely miss the orc.
The orc is severely wounded.
The orc hits you with a vampiric hand axe.
You die...

####.##.# ######.#
#.##.# ###......#
##.##.###.......##
#...........###.#
#..#######..###.########
#..# #..##...>.....#
#..# #......######.#
#..# #oo....# #.# #..#
#@##.#.# #.# #..#
#o##.#.# #)#
#..#######.##.#.# #.#
#..........##.#.# ##.#
#######.###.#.#.......##
#..# ........#
#.#.#####....# #.##
######### #.#.# ####.#
#.# #...[...# #.#.# #.#
#.# #.#####.# #.#.# #.#
#.#


You could see 3 orcs.

Vanquished Creatures
  3 adders
  A worm (D:2)
  A dart slug (D:1)
  A leopard gecko (D:2)
  6 bats
  A giant cockroach (D:1)
  6 goblins (D:1)
  6 hobgoblins
  4 jackals (D:1)
  2 kobolds (D:1)
  2 quokkas (D:2)
  A frilled lizard (D:1)
  6 rats
40 creatures vanquished.

Vanquished Creatures (collateral kills)
  A bat (D:3)
1 creature vanquished.

Grand Total: 41 creatures vanquished

Notes
Turn   | Place    | Note
-------+----------+-------------------------------------------
     0 | D:1      | D1HalberdGnoll the Gnoll Wizard began the quest for the Orb.
     0 | D:1      | Reached XP level 1. HP: 13/13 MP: 8/8
   281 | D:1      | Reached XP level 2. HP: 19/19 MP: 8/10
   699 | D:1      | Reached XP level 3. HP: 25/25 MP: 8/11
  1285 | D:2      | Learned a level 3 spell: Conjure Flame
  1288 | D:2      | Learned a level 2 spell: Slow
  1292 | D:2      | Learned a level 3 spell: Mephitic Cloud
  1295 | D:2      | Learned a level 2 spell: Blink
  1298 | D:2      | Learned a level 2 spell: Call Imp
  1310 | D:2      | Found a glowing silver altar of Zin.
  1310 | D:2      | Found a shimmering altar of Xom.
  1310 | D:2      | Noticed an angel
  1323 | D:2      | Reached skill level 1 in Invocations
  1332 | D:2      | Reached skill level 1 in Fighting
  1332 | D:2      | Reached skill level 1 in Short Blades
  1332 | D:2      | Reached skill level 1 in Long Blades
  1332 | D:2      | Reached skill level 1 in Axes
  1332 | D:2      | Reached skill level 1 in Maces & Flails
  1332 | D:2      | Reached skill level 1 in Polearms
  1332 | D:2      | Reached skill level 1 in Staves
  1332 | D:2      | Reached skill level 1 in Slings
  1332 | D:2      | Reached skill level 1 in Bows
  1332 | D:2      | Reached skill level 1 in Crossbows
  1332 | D:2      | Reached skill level 1 in Throwing
  1332 | D:2      | Reached skill level 1 in Armour
  1332 | D:2      | Reached skill level 1 in Shields
  1332 | D:2      | Reached skill level 1 in Unarmed Combat
  1332 | D:2      | Reached skill level 1 in Evocations
  1579 | D:2      | Reached XP level 4. HP: 32/32 MP: 10/13
  2038 | D:2      | Slain by an orc

Vault maps used:
D:1:      minmay_arrival_four_loops
D:2:      grunt_temple_overflow_order_and_chaos_1
D:3:      grunt_temple_overflow_open, first_ration, st_stairs_9, uniq_robin

Skill      XL: |  1  2  3 |
---------------+----------+-----
Conjurations   | 2 |  2.2
Summonings     | 2 |  2.2
Translocations | 2 |  2.2
Invocations    | 1 |  1.1
Fighting       | 1 |  1.0
Short Blades   | 1 |  1.0
Long Blades    | 1 |  1.0
Axes           | 1 |  1.0
Maces & Flails | 1 |  1.0
Polearms       | 1 |  1.0
Staves         | 1 |  1.0
Slings         | 1 |  1.0
Bows           | 1 |  1.0
Crossbows      | 1 |  1.0
Throwing       | 1 |  1.0
Armour         | 1 |  1.0
Shields        | 1 |  1.0
Unarmed Combat | 1 |  1.0
Evocations     | 1 |  1.0
Dodging        | |  4.6
Stealth        | |  4.2
Spellcasting   | |  7.2
Hexes          | |  0.8
Charms         | |  0.8
Necromancy     | |  0.8
Transmutations | |  0.8
Fire Magic     | |  0.8
Ice Magic      | |  0.8
Air Magic      | |  0.8
Earth Magic    | |  0.8
Poison Magic   | |  0.8

Action                   |  1- 3 |  4- 6 || total
-------------------------+-------+-------++-------
Melee: Unarmed           |    18 |       ||    18
       Bite              |     1 |     1 ||     2
       Dagger            |       |     3 ||     3
 Cast: Magic Dart        |    73 |    30 ||   103
       Call Imp          |     1 |     1 ||     2
  Use: Potion            |       |     1 ||     1
  Eat: Chunk             |     2 |     1 ||     3
Armor: Robe              |     5 |       ||     5
Dodge: Dodged            |    21 |    18 ||    39

Table legend:
 A = Spawn XP
 B = Non-spawn XP
 C = Spawn XP percentage of total XP
 D = Spawn monster count
 E = Non-spawn monster count
 F = Spawn count percentage of total count
 G = Total turns spent on level
                    A         B        C        D         E        F      G
               +---------+---------+-------+---------+---------+-------+---------
         Total |       0 |     107 |   0.0 |       0 |      41 |   0.0 |  2038
               +---------+---------+-------+---------+---------+-------+---------
           D:1 |       0 |      49 |   0.0 |       0 |      27 |   0.0 |  1279
           D:2 |       0 |      43 |   0.0 |       0 |      12 |   0.0 |   741
           D:3 |       0 |      15 |   0.0 |       0 |       2 |   0.0 |    18
               +---------+---------+-------+---------+---------+-------+---------
